Minnesota North Stars vs New York Rangers
(R1)
Created - Sunday, June 9, 2024 at 07:46
Goals
|
| Minnesota North Stars |
0 |
1 |
1 |
2 |
| New York Rangers |
0 |
0 |
4 |
4 |
|
Shots
|
| Minnesota North Stars |
4 |
15 |
13 |
32 |
| New York Rangers |
8 |
9 |
20 |
37 |
|
1st period
No Goal
Penalties :
Evgeni Malkin (MNS) for Interference (Minor) at 1:35, Adam Lowry (MNS) for Hooking (Minor) at 7:43
2nd period
1. Minnesota North Stars , Jack Hughes 1 (Viktor Arvidsson 1, Rasmus Dahlin 1) at 5:44
Penalties :
Frank Vatrano (MNS) for Interference (Minor) at 6:02
3rd period
2. New York Rangers , Mathew Barzal 2 (Adam Larsson 1, Mark Giordano 1) at 6:57
3. New York Rangers , Cole Caufield 1 (Mikael Granlund 2, Nathan MacKinnon 1) at 11:38 (PP)
4. New York Rangers , Artemi Panarin 2 (Nathan MacKinnon 2, Pierre-Luc Dubois 2) at 11:54
5. Minnesota North Stars , Adam Lowry 1 (Rasmus Dahlin 2) at 14:12 (SH)
6. New York Rangers , Artemi Panarin 3 (Pierre-Luc Dubois 3, Nathan MacKinnon 3) at 19:25 (PP)
Penalties :
Evgeni Malkin (MNS) for Slashing (Minor) at 11:08, Nathan MacKinnon (NYR) for Cross-checking (Minor) at 12:07, Brandon Montour (MNS) for Holding (Minor) at 13:25, Jonathan Toews (MNS) for High sticking (Minor) at 18:10
Goalie Stats
Stuart Skinner (MNS), 33 saves from 37 shots - (0.892), L, 0-2-0, 60:00 minutes
Igor Shesterkin (NYR), 30 saves from 32 shots - (0.938), W, 2-0-0, 60:00 minutes
Players Stats for Minnesota North Stars
Player Name G A P +/- PIM S H SB GA TA FO MP PP MP PK MP
------------------------------------------------------------------------------------
Adam Lowry 1 0 1 2 2 1 2 2 0 0 2/2 17:43 0:00 3:05
Brandon Montour 0 0 0 1 2 1 1 3 0 0 0/0 17:27 0:35 0:00
Brock Nelson 0 0 0 -1 0 2 0 0 1 0 0/1 13:10 0:41 0:00
Eeli Tolvanen 0 0 0 0 0 1 1 0 0 0 0/0 8:05 0:00 0:00
Evan Rodrigues 0 0 0 0 0 3 2 0 0 0 0/0 8:05 0:00 0:00
Evgeni Malkin 0 0 0 -1 4 4 2 0 0 0 10/17 15:30 0:37 2:02
Frank Vatrano 0 0 0 -1 2 1 2 0 0 1 0/1 14:40 0:37 0:00
Gustav Forsling 0 0 0 -1 0 2 2 2 0 0 0/0 21:34 0:42 4:20
Jack Hughes 1 0 1 1 0 4 1 0 0 0 7/20 15:36 0:00 0:14
Jamie Oleksiak 0 0 0 -1 0 1 0 1 0 0 0/0 21:34 0:42 4:20
Jeff Skinner 0 0 0 -1 0 0 0 1 1 0 0/1 15:01 0:41 0:20
Jonathan Toews 0 0 0 0 2 2 1 0 0 0 6/10 11:44 0:00 3:39
Neal Pionk 0 0 0 0 0 1 1 1 0 2 0/0 20:25 0:00 4:40
Rasmus Dahlin 0 2 2 2 0 3 1 3 0 0 0/0 22:24 0:36 4:40
Ryan Nugent-Hopkins 0 0 0 -1 0 4 0 0 2 0 10/16 19:08 0:41 4:42
Sean Durzi 0 0 0 -1 0 0 1 2 0 0 0/0 16:36 0:00 0:00
Viktor Arvidsson 0 1 1 1 0 2 0 1 0 0 0/1 14:03 0:00 0:00
Zach Parise 0 0 0 0 0 0 2 0 0 2 0/2 17:27 0:37 3:58
Players Stats for New York Rangers
Player Name G A P +/- PIM S H SB GA TA FO MP PP MP PK MP
------------------------------------------------------------------------------------
Adam Larsson 0 1 1 -1 0 1 5 0 0 1 0/0 22:51 5:19 0:28
Artemi Panarin 2 0 2 0 0 5 1 0 0 0 1/1 21:34 4:44 0:00
Cam Fowler 0 0 0 1 0 0 0 1 0 0 0/0 17:35 0:02 0:00
Cole Caufield 1 0 1 0 0 4 0 0 0 0 0/0 18:39 4:16 0:00
Conor Garland 0 0 0 0 0 2 2 0 1 0 0/0 10:24 0:00 0:00
David Kampf 0 0 0 0 0 1 0 1 0 0 2/4 8:46 0:00 0:41
Dmitry Kulikov 0 0 0 1 0 0 0 0 0 1 0/0 17:05 0:00 0:50
Eric Robinson 0 0 0 0 0 0 1 0 1 0 0/0 8:42 0:00 0:37
Filip Chytil 0 0 0 0 0 0 0 0 0 0 0/0 14:28 3:41 0:00
Gabriel Landeskog 0 0 0 1 0 9 1 2 2 0 0/0 18:37 4:44 0:00
Jake McCabe 0 0 0 0 0 0 2 0 0 0 0/0 15:17 0:00 0:00
Mark Giordano 0 1 1 0 0 0 0 1 0 2 0/0 20:15 3:41 0:28
Mathew Barzal 1 0 1 0 0 5 1 0 1 0 10/17 18:21 4:14 0:00
Matthew Benning 0 0 0 0 0 0 0 1 0 0 0/0 16:07 0:00 0:50
Mikael Granlund 0 1 1 -1 0 3 1 0 0 0 3/12 14:49 4:14 0:00
Nathan MacKinnon 0 3 3 -1 2 5 0 1 0 0 2/3 22:57 5:19 0:00
Pierre-Luc Dubois 0 2 2 0 0 1 0 1 0 0 18/34 22:47 4:46 0:37
Tyler Motte 0 0 0 0 0 1 1 0 0 0 0/0 8:46 0:00 0:41
3 Stars
1 - Artemi Panarin (NYR)
2 - Rasmus Dahlin (MNS)
3 - Igor Shesterkin (NYR)
Power Play
Minnesota North Stars - 0 on 1 Attempt(s) - 0.00%
New York Rangers - 2 on 7 Attempt(s) - 28.57%
Penalty Kill
Minnesota North Stars - 5 on 7 Attempt(s) - 71.43%
- Score 1 goal in Penalty Kill
New York Rangers - 1 on 1 Attempt(s) - 100.00%
- Score 0 goal in Penalty Kill
Team Stat
Minnesota North Stars - Hits : 19 - Faceoff Wins : 35 - Blocked Shots : 16 - Penalty Minutes : 12
New York Rangers - Hits : 15 - Faceoff Wins : 36 - Blocked Shots : 8 - Penalty Minutes : 2
Official
Referees : Dean Morton and Tim Peel
Linesman : Steve Miller and Scott Driscoll
Game Notes
16:59 of 2nd period - Penalty Shot by Gustav Forsling for Minnesota North Stars - Shot Misses the Net
Finance
Level 1 -- Attendance: 5626 (93.77%) -- Ticket Income $573,852
Level 2 -- Attendance: 4526 (90.52%) -- Ticket Income $285,138
Level 3 -- Attendance: 2477 (82.57%) -- Ticket Income $101,557
Level 4 -- Attendance: 3869 (77.38%) -- Ticket Income $108,332
Luxury Box -- Attendance: 940 (94.00%) -- Ticket Income $183,300
Game was played at the Madison Square Garden.
Total Attendance: 17438 (87.19%)
Total Ticket Income: $1,252,179
Other Income: $438,263
Total Income: $1,690,442
Minnesota North Stars
5 vs 5 Forward
Center Left Wing Right Wing Time % Phy DF OF
1 Ryan Nugent-Hopkins Frank Vatrano Jeff Skinner 29 1 2 2
2 Evgeni Malkin Brock Nelson Zach Parise 29 1 2 2
3 Jack Hughes Viktor Arvidsson Adam Lowry 29 1 2 2
4 Jonathan Toews Eeli Tolvanen Evan Rodrigues 13 1 2 2
5 vs 5 Defense
Defense Defense Time % Phy DF OF
1 Rasmus Dahlin Brandon Montour 34 1 2 2
2 Jamie Oleksiak Gustav Forsling 33 1 2 2
3 Neal Pionk Sean Durzi 33 1 2 2
4 Rasmus Dahlin Brandon Montour 0 1 2 2
PowerPlay Forward
Center Left Wing Right Wing Time % Phy DF OF
1 Ryan Nugent-Hopkins Brock Nelson Jeff Skinner 50 1 2 2
2 Evgeni Malkin Frank Vatrano Zach Parise 50 1 2 2
PowerPlay Defense
Defense Defense Time % Phy DF OF
1 Rasmus Dahlin Brandon Montour 50 1 2 2
2 Jamie Oleksiak Gustav Forsling 50 1 2 2
Penalty Kill 4 Players Forward
Center Wing Time % Phy DF OF
1 Jonathan Toews Ryan Nugent-Hopkins 50 1 2 2
2 Adam Lowry Zach Parise 50 1 2 2
Penalty Kill 4 Players Defense
Defense Defense Time % Phy DF OF
1 Rasmus Dahlin Neal Pionk 50 1 3 1
2 Jamie Oleksiak Gustav Forsling 50 1 3 1
Penalty Kill - 3 Players Forward
Forward Time % Phy DF OF
1 Adam Lowry 50 1 2 2
2 Jonathan Toews 50 1 2 2
Penalty Kill - 3 Players Defense
Defense Defense Time % Phy DF OF
1 Rasmus Dahlin Brandon Montour 50 1 2 2
2 Jamie Oleksiak Gustav Forsling 50 1 2 2
4 vs 4 Forward
Center Wing Time % Phy DF OF
1 Ryan Nugent-Hopkins Evgeni Malkin 50 1 2 2
2 Jack Hughes Frank Vatrano 50 1 2 2
4 vs 4 Defense
Defense Defense Time % Phy DF OF
1 Rasmus Dahlin Brandon Montour 50 1 2 2
2 Jamie Oleksiak Gustav Forsling 50 1 2 2
Last Minutes Offensive
Center Left Wing Right Wing Defense Defense
Ryan Nugent-Hopkins Brock Nelson Jeff Skinner Rasmus Dahlin Brandon Montour
Last Minutes Defensive
Center Left Wing Right Wing Defense Defense
Ryan Nugent-Hopkins Zach Parise Frank Vatrano Jamie Oleksiak Rasmus Dahlin
Goaltenders
Starting : Stuart Skinner
Backup : Antti Raanta
Extra Forwards
Normal : Adam Lowry, Jack Hughes, Jonathan Toews - PP : Adam Lowry, Jack Hughes - PK : Jonathan Toews
Extra Defensemen
Normal : Neal Pionk, Sean Durzi, Jamie Oleksiak - PP : Neal Pionk - PK : Sean Durzi, Jamie Oleksiak
Penalty Shots
Ryan Nugent-Hopkins, Evgeni Malkin, Brock Nelson, Jeff Skinner, Jack Hughes
New York Rangers
5 vs 5 Forward
Center Left Wing Right Wing Time % Phy DF OF
1 Pierre-Luc Dubois Artemi Panarin Nathan MacKinnon 37 0 1 4
2 Mathew Barzal Cole Caufield Gabriel Landeskog 30 1 1 3
3 Mikael Granlund Filip Chytil Conor Garland 23 1 2 2
4 David Kampf Eric Robinson Tyler Motte 10 1 3 1
5 vs 5 Defense
Defense Defense Time % Phy DF OF
1 Cam Fowler Dmitry Kulikov 35 1 2 2
2 Adam Larsson Mark Giordano 33 1 2 2
3 Matthew Benning Jake McCabe 32 1 2 2
4 Cam Fowler Adam Larsson 0 1 2 2
PowerPlay Forward
Center Left Wing Right Wing Time % Phy DF OF
1 Pierre-Luc Dubois Gabriel Landeskog Artemi Panarin 50 0 1 4
2 Mikael Granlund Mathew Barzal Cole Caufield 50 0 1 4
PowerPlay Defense
Defense Defense Time % Phy DF OF
1 Nathan MacKinnon Adam Larsson 60 1 1 3
2 Filip Chytil Mark Giordano 40 1 1 3
Penalty Kill 4 Players Forward
Center Wing Time % Phy DF OF
1 Pierre-Luc Dubois Eric Robinson 50 1 3 1
2 David Kampf Tyler Motte 50 1 3 1
Penalty Kill 4 Players Defense
Defense Defense Time % Phy DF OF
1 Matthew Benning Dmitry Kulikov 50 1 3 1
2 Adam Larsson Mark Giordano 50 1 3 1
Penalty Kill - 3 Players Forward
Forward Time % Phy DF OF
1 Pierre-Luc Dubois 50 1 2 2
2 David Kampf 50 1 2 2
Penalty Kill - 3 Players Defense
Defense Defense Time % Phy DF OF
1 Matthew Benning Dmitry Kulikov 50 1 3 1
2 Adam Larsson Mark Giordano 50 1 3 1
4 vs 4 Forward
Center Wing Time % Phy DF OF
1 Nathan MacKinnon Artemi Panarin 50 0 2 3
2 Pierre-Luc Dubois Cole Caufield 50 0 2 3
4 vs 4 Defense
Defense Defense Time % Phy DF OF
1 Cam Fowler Adam Larsson 50 1 2 2
2 Dmitry Kulikov Mark Giordano 50 1 2 2
Last Minutes Offensive
Center Left Wing Right Wing Defense Defense
Nathan MacKinnon Cole Caufield Pierre-Luc Dubois Cam Fowler Adam Larsson
Last Minutes Defensive
Center Left Wing Right Wing Defense Defense
David Kampf Tyler Motte Mikael Granlund Dmitry Kulikov Adam Larsson
Goaltenders
Starting : Igor Shesterkin
Backup : Tristan Jarry
Extra Forwards
Normal : Nathan MacKinnon, Pierre-Luc Dubois, Gabriel Landeskog - PP : Gabriel Landeskog, Cole Caufield - PK : David Kampf
Extra Defensemen
Normal : Matthew Benning, Jake McCabe, Dmitry Kulikov - PP : Matthew Benning - PK : Jake McCabe, Dmitry Kulikov
Penalty Shots
Artemi Panarin, Cole Caufield, Pierre-Luc Dubois, Mark Giordano, David Kampf
% Time on Ice - Minnesota North Stars
Lines # - Real PCT - Wanted PCT - Time Play
Normal Forward
1 - 28% - 29% - 13:48
2 - 27% - 29% - 13:05
3 - 29% - 29% - 14:03
4 - 16% - 13% - 8:05
Normal Defense
1 - 34% - 34% - 16:36
2 - 33% - 33% - 16:16
3 - 33% - 33% - 16:09
4 - 0% - 0% - 0:00
PP Forward
1 - 53% - 50% - 0:41
2 - 47% - 50% - 0:37
PP Defense
1 - 46% - 50% - 0:36
2 - 54% - 50% - 0:42
PK Forward
1 - 53% - 50% - 4:47
2 - 47% - 50% - 4:13
PK Defense
1 - 52% - 50% - 4:40
2 - 48% - 50% - 4:20
PK3 Forward
1 - 0% - 50%
2 - 0% - 50%
PK3 Defense
1 - 0% - 50%
2 - 0% - 50%
44 Forward
1 - 49% - 50% - 0:20
2 - 51% - 50% - 0:21
44 Defense
1 - 61% - 50% - 0:25
2 - 39% - 50% - 0:16
Last Minute Offensive - 0:00
Last Minute Defensive - 0:00
Total
Forward - 60:00
Defense - 60:00
|
% Time on Ice - New York Rangers
Lines # - Real PCT - Wanted PCT - Time Play
Normal Forward
1 - 34% - 37% - 16:28
2 - 29% - 30% - 14:04
3 - 21% - 23% - 10:24
4 - 16% - 10% - 8:05
Normal Defense
1 - 35% - 35% - 17:01
2 - 33% - 33% - 16:06
3 - 31% - 32% - 15:17
4 - 1% - 0% - 0:37
PP Forward
1 - 53% - 50% - 4:44
2 - 47% - 50% - 4:16
PP Defense
1 - 59% - 60% - 5:19
2 - 41% - 40% - 3:41
PK Forward
1 - 47% - 50% - 0:37
2 - 53% - 50% - 0:41
PK Defense
1 - 64% - 50% - 0:50
2 - 36% - 50% - 0:28
PK3 Forward
1 - 0% - 50%
2 - 0% - 50%
PK3 Defense
1 - 0% - 50%
2 - 0% - 50%
44 Forward
1 - 54% - 50% - 0:22
2 - 46% - 50% - 0:19
44 Defense
1 - 100% - 50% - 0:41
2 - 0% - 50% - 0:00
Last Minute Offensive - 0:00
Last Minute Defensive - 0:00
Total
Forward - 60:00
Defense - 60:00
|
Play-by-Play
1st period
0:01 of 1st period - Ryan Nugent-Hopkins wins face-off versus Pierre-Luc Dubois in neutral zone.
0:04 of 1st period - Wrist shot by Frank Vatrano.
0:04 of 1st period - Stopped by Igor Shesterkin without a rebound.
0:05 of 1st period - Ryan Nugent-Hopkins wins face-off versus Pierre-Luc Dubois in New York Rangers zone.
1:05 of 1st period - Snap shot by Nathan MacKinnon.
1:05 of 1st period - Stopped by Stuart Skinner without a rebound.
1:06 of 1st period - Evgeni Malkin wins face-off versus Mathew Barzal in Minnesota North Stars zone.
1:13 of 1st period - Slapshot by Evgeni Malkin.
1:13 of 1st period - Stopped by Igor Shesterkin without a rebound.
1:14 of 1st period - Mathew Barzal wins face-off versus Evgeni Malkin in New York Rangers zone.
1:14 of 1st period - Mathew Barzal is hit by Zach Parise.
1:35 of 1st period - Minor Penalty to Evgeni Malkin for Interference.
1:36 of 1st period - Jonathan Toews wins face-off versus Pierre-Luc Dubois in Minnesota North Stars zone.
1:52 of 1st period - Wrist shot by Artemi Panarin.
1:52 of 1st period - Stopped by Stuart Skinner with a rebound.
2:02 of 1st period - Mikael Granlund is hit by Jonathan Toews and loses puck.
2:51 of 1st period - Ryan Nugent-Hopkins is hit by Mathew Barzal and loses puck.
3:35 of 1st period - Penalty to Evgeni Malkin is over, Evgeni Malkin is back on ice.
5:00 of 1st period - Mikael Granlund is hit by Brandon Montour and loses puck.
5:13 of 1st period - Pierre-Luc Dubois is hit by Adam Lowry and loses puck.
5:56 of 1st period - Slapshot by Gabriel Landeskog.
5:56 of 1st period - Stopped by Stuart Skinner without a rebound.
5:57 of 1st period - Jack Hughes wins face-off versus Mathew Barzal in Minnesota North Stars zone.
6:32 of 1st period - Backhand shot by Eeli Tolvanen.
6:32 of 1st period - Shot Misses the Net.
6:52 of 1st period - Snap shot by Pierre-Luc Dubois.
6:52 of 1st period - Deflect By Nathan MacKinnon.
6:52 of 1st period - Shot Blocked by Brandon Montour.
6:52 of 1st period - Puck is out of play.
6:53 of 1st period - Mathew Barzal wins face-off versus Ryan Nugent-Hopkins in Minnesota North Stars zone.
7:00 of 1st period - Snap shot by Gabriel Landeskog.
7:00 of 1st period - Stopped by Stuart Skinner without a rebound.
7:01 of 1st period - Ryan Nugent-Hopkins wins face-off versus Mathew Barzal in Minnesota North Stars zone.
7:32 of 1st period - Snap shot by Cole Caufield.
7:32 of 1st period - Stopped by Stuart Skinner with a rebound.
7:34 of 1st period - Wrist shot by Mathew Barzal.
7:34 of 1st period - Shot Misses the Net.
7:36 of 1st period - Snap shot by Cole Caufield.
7:36 of 1st period - Stopped by Stuart Skinner without a rebound.
7:37 of 1st period - Nathan MacKinnon wins face-off versus Jack Hughes in Minnesota North Stars zone.
7:43 of 1st period - Minor Penalty to Adam Lowry for Hooking.
7:44 of 1st period - Jonathan Toews wins face-off versus Mikael Granlund in Minnesota North Stars zone.
8:10 of 1st period - Gabriel Landeskog is hit by Gustav Forsling.
9:43 of 1st period - Penalty to Adam Lowry is over, Adam Lowry is back on ice.
10:00 of 1st period - Wrist shot by Tyler Motte.
10:00 of 1st period - Shot Blocked by Rasmus Dahlin.
10:10 of 1st period - Neal Pionk is hit by Tyler Motte and loses puck.
10:40 of 1st period - Cam Fowler is hit by Evan Rodrigues and loses puck.
12:38 of 1st period - Icing by Gustav Forsling.
12:39 of 1st period - Pierre-Luc Dubois wins face-off versus Ryan Nugent-Hopkins in Minnesota North Stars zone.
13:00 of 1st period - Icing by Gustav Forsling.
13:01 of 1st period - Mikael Granlund wins face-off versus Jack Hughes in Minnesota North Stars zone.
13:02 of 1st period - Snap shot by Conor Garland.
13:02 of 1st period - Stopped by Stuart Skinner with a rebound.
13:46 of 1st period - Snap shot by Conor Garland.
13:46 of 1st period - Stopped by Stuart Skinner with a rebound.
13:58 of 1st period - Wrist shot by Conor Garland.
13:58 of 1st period - Shot Blocked by Neal Pionk.
14:56 of 1st period - Wrist shot by Tyler Motte.
14:56 of 1st period - Shot Misses the Net.
16:23 of 1st period - Tyler Motte is hit by Evgeni Malkin and loses puck.
16:36 of 1st period - Gustav Forsling is hit by Artemi Panarin and loses puck.
17:15 of 1st period - Frank Vatrano is hit by Jake McCabe and loses puck.
17:55 of 1st period - Icing by Adam Larsson.
17:56 of 1st period - Jack Hughes wins face-off versus David Kampf in New York Rangers zone.
18:03 of 1st period - Wrist shot by Jack Hughes.
18:03 of 1st period - Stopped by Igor Shesterkin with a rebound.
18:25 of 1st period - Off-side.
18:26 of 1st period - Evgeni Malkin wins face-off versus Pierre-Luc Dubois in neutral zone.
19:32 of 1st period - Gustav Forsling is hit by Conor Garland and loses puck.
19:43 of 1st period - Snap shot by Evan Rodrigues.
19:43 of 1st period - Stopped by Igor Shesterkin without a rebound.
19:44 of 1st period - Pierre-Luc Dubois wins face-off versus Jonathan Toews in New York Rangers zone.
Goals for this period are 0 for Minnesota North Stars vs 0 for New York Rangers.
Shots for this period are 4 for Minnesota North Stars vs 8 for New York Rangers.
2nd period
0:01 of 2nd period - Pierre-Luc Dubois wins face-off versus Jack Hughes in neutral zone.
0:06 of 2nd period - Backhand shot by Nathan MacKinnon.
0:06 of 2nd period - Shot Blocked by Brandon Montour.
1:12 of 2nd period - Snap shot by Jonathan Toews.
1:12 of 2nd period - Stopped by Igor Shesterkin without a rebound.
1:13 of 2nd period - Jonathan Toews wins face-off versus David Kampf in New York Rangers zone.
1:14 of 2nd period - Slapshot by Evan Rodrigues.
1:14 of 2nd period - Stopped by Igor Shesterkin with a rebound.
1:16 of 2nd period - Snap shot by Jonathan Toews.
1:16 of 2nd period - Stopped by Igor Shesterkin with a rebound.
1:18 of 2nd period - Slapshot by Neal Pionk.
1:18 of 2nd period - Deflect By Jonathan Toews.
1:18 of 2nd period - Shot Hit the Post.
1:18 of 2nd period - Puck is out of play.
1:19 of 2nd period - Pierre-Luc Dubois wins face-off versus Jack Hughes in New York Rangers zone.
1:35 of 2nd period - Icing by Nathan MacKinnon.
1:36 of 2nd period - Pierre-Luc Dubois wins face-off versus Evgeni Malkin in New York Rangers zone.
2:04 of 2nd period - Wrist shot by Nathan MacKinnon.
2:04 of 2nd period - Shot Misses the Net.
2:06 of 2nd period - Wrist shot by Nathan MacKinnon.
2:06 of 2nd period - Shot Blocked by Gustav Forsling.
2:08 of 2nd period - Snap shot by Nathan MacKinnon.
2:08 of 2nd period - Shot Misses the Net.
2:10 of 2nd period - Slapshot by Pierre-Luc Dubois.
2:10 of 2nd period - Shot Misses the Net.
2:12 of 2nd period - Wrist shot by Artemi Panarin.
2:12 of 2nd period - Stopped by Stuart Skinner without a rebound.
2:13 of 2nd period - Mathew Barzal wins face-off versus Jack Hughes in Minnesota North Stars zone.
2:20 of 2nd period - Wrist shot by Mathew Barzal.
2:20 of 2nd period - Stopped by Stuart Skinner without a rebound.
2:21 of 2nd period - Mathew Barzal wins face-off versus Jack Hughes in Minnesota North Stars zone.
2:56 of 2nd period - Slapshot by Cole Caufield.
2:56 of 2nd period - Stopped by Stuart Skinner with a rebound.
2:58 of 2nd period - Backhand shot by Gabriel Landeskog.
2:58 of 2nd period - Stopped by Stuart Skinner without a rebound.
2:59 of 2nd period - Pierre-Luc Dubois wins face-off versus Ryan Nugent-Hopkins in Minnesota North Stars zone.
3:00 of 2nd period - Wrist shot by Artemi Panarin.
3:00 of 2nd period - Shot Misses the Net.
3:06 of 2nd period - Nathan MacKinnon is hit by Frank Vatrano and loses puck.
3:25 of 2nd period - Zach Parise is hit by Mikael Granlund and loses puck.
4:08 of 2nd period - Snap shot by Jonathan Toews.
4:08 of 2nd period - Shot Misses the Net.
4:10 of 2nd period - Snap shot by Jack Hughes.
4:10 of 2nd period - Stopped by Igor Shesterkin without a rebound.
4:11 of 2nd period - Mathew Barzal wins face-off versus Jack Hughes in New York Rangers zone.
4:11 of 2nd period - Mathew Barzal is hit by Adam Lowry.
4:18 of 2nd period - Snap shot by Jack Hughes.
4:18 of 2nd period - Shot Blocked by Gabriel Landeskog.
4:24 of 2nd period - Slapshot by Adam Lowry.
4:24 of 2nd period - Deflect By Jack Hughes.
4:24 of 2nd period - Stopped by Igor Shesterkin without a rebound.
4:25 of 2nd period - Pierre-Luc Dubois wins face-off versus Frank Vatrano in New York Rangers zone.
4:25 of 2nd period - Pierre-Luc Dubois is hit by Sean Durzi.
4:31 of 2nd period - Mark Giordano is hit by Frank Vatrano and loses puck.
4:58 of 2nd period - Off-side.
4:59 of 2nd period - Mathew Barzal wins face-off versus Evgeni Malkin in neutral zone.
5:30 of 2nd period - Snap shot by Mikael Granlund.
5:30 of 2nd period - Stopped by Stuart Skinner without a rebound.
5:31 of 2nd period - Jack Hughes wins face-off versus Pierre-Luc Dubois in Minnesota North Stars zone.
5:44 of 2nd period - Snap shot by Viktor Arvidsson.
5:44 of 2nd period - Deflect By Jack Hughes.
5:44 of 2nd period - Goal by Jack Hughes - Minnesota North Stars : 1 - New York Rangers : 0.
5:45 of 2nd period - Ryan Nugent-Hopkins wins face-off versus Pierre-Luc Dubois in neutral zone.
6:00 of 2nd period - Wrist shot by Pierre-Luc Dubois.
6:00 of 2nd period - Stopped by Stuart Skinner with a rebound.
6:02 of 2nd period - Minor Penalty to Frank Vatrano for Interference.
6:03 of 2nd period - Mikael Granlund wins face-off versus Jonathan Toews in Minnesota North Stars zone.
8:02 of 2nd period - Penalty to Frank Vatrano is over, Frank Vatrano is back on ice.
8:28 of 2nd period - Eric Robinson is hit by Eeli Tolvanen and loses puck.
10:20 of 2nd period - Jake McCabe is hit by Rasmus Dahlin and loses puck.
10:39 of 2nd period - Cam Fowler is hit by Evgeni Malkin and loses puck.
11:09 of 2nd period - Snap shot by Brandon Montour.
11:09 of 2nd period - Shot Misses the Net.
11:11 of 2nd period - Wrist shot by Frank Vatrano.
11:11 of 2nd period - Shot Misses the Net.
11:13 of 2nd period - Wrist shot by Ryan Nugent-Hopkins.
11:13 of 2nd period - Shot Blocked by Pierre-Luc Dubois.
11:15 of 2nd period - Slapshot by Rasmus Dahlin.
11:15 of 2nd period - Deflect By Artemi Panarin.
11:15 of 2nd period - Stopped by Igor Shesterkin with a rebound.
11:17 of 2nd period - Wrist shot by Ryan Nugent-Hopkins.
11:17 of 2nd period - Shot Blocked by Mark Giordano.
11:19 of 2nd period - Snap shot by Ryan Nugent-Hopkins.
11:19 of 2nd period - Stopped by Igor Shesterkin without a rebound.
11:20 of 2nd period - Mathew Barzal wins face-off versus Jack Hughes in New York Rangers zone.
11:29 of 2nd period - Snap shot by Gabriel Landeskog.
11:29 of 2nd period - Shot Misses the Net.
11:37 of 2nd period - Gabriel Landeskog is hit by Jack Hughes.
11:59 of 2nd period - Snap shot by Ryan Nugent-Hopkins.
11:59 of 2nd period - Stopped by Igor Shesterkin with a rebound.
12:01 of 2nd period - Slapshot by Gustav Forsling.
12:01 of 2nd period - Stopped by Igor Shesterkin with a rebound.
12:40 of 2nd period - Wrist shot by Evgeni Malkin.
12:40 of 2nd period - Shot Blocked by David Kampf.
13:17 of 2nd period - Snap shot by Gabriel Landeskog.
13:17 of 2nd period - Shot Misses the Net.
13:33 of 2nd period - Jonathan Toews is hit by Adam Larsson and loses puck.
14:00 of 2nd period - Wrist shot by Jonathan Toews.
14:00 of 2nd period - Shot Misses the Net.
14:02 of 2nd period - Slapshot by Jamie Oleksiak.
14:02 of 2nd period - Stopped by Igor Shesterkin without a rebound.
14:03 of 2nd period - Jack Hughes wins face-off versus Mathew Barzal in New York Rangers zone.
14:50 of 2nd period - Snap shot by Viktor Arvidsson.
14:50 of 2nd period - Stopped by Igor Shesterkin without a rebound.
14:51 of 2nd period - Evgeni Malkin wins face-off versus Pierre-Luc Dubois in New York Rangers zone.
15:04 of 2nd period - Slapshot by Brock Nelson.
15:04 of 2nd period - Shot Misses the Net.
16:48 of 2nd period - Snap shot by Mathew Barzal.
16:48 of 2nd period - Stopped by Stuart Skinner with a rebound.
16:50 of 2nd period - Slapshot by Adam Larsson.
16:50 of 2nd period - Shot Blocked by Jeff Skinner.
16:52 of 2nd period - Snap shot by Cole Caufield.
16:52 of 2nd period - Shot Blocked by Jamie Oleksiak.
16:54 of 2nd period - Slapshot by Mathew Barzal.
16:54 of 2nd period - Shot Misses the Net.
16:59 of 2nd period - Penalty Shot by Gustav Forsling for Minnesota North Stars.
16:59 of 2nd period - Deke by Gustav Forsling.
16:59 of 2nd period - Shot Misses the Net.
17:00 of 2nd period - Evgeni Malkin wins face-off versus Mikael Granlund in Minnesota North Stars zone.
17:06 of 2nd period - Filip Chytil is hit by Zach Parise.
17:12 of 2nd period - Snap shot by Evgeni Malkin.
17:12 of 2nd period - Shot Blocked by Matthew Benning.
17:14 of 2nd period - Slapshot by Sean Durzi.
17:14 of 2nd period - Shot Misses the Net.
17:34 of 2nd period - Slapshot by Viktor Arvidsson.
17:34 of 2nd period - Stopped by Igor Shesterkin without a rebound.
17:35 of 2nd period - Pierre-Luc Dubois wins face-off versus Jack Hughes in New York Rangers zone.
17:42 of 2nd period - Snap shot by Pierre-Luc Dubois.
17:42 of 2nd period - Shot Blocked by Adam Lowry.
18:14 of 2nd period - Wrist shot by Ryan Nugent-Hopkins.
18:14 of 2nd period - Stopped by Igor Shesterkin without a rebound.
18:15 of 2nd period - Evgeni Malkin wins face-off versus Pierre-Luc Dubois in New York Rangers zone.
18:22 of 2nd period - Wrist shot by Evgeni Malkin.
18:22 of 2nd period - Stopped by Igor Shesterkin without a rebound.
18:23 of 2nd period - Artemi Panarin wins face-off versus Evgeni Malkin in New York Rangers zone.
18:38 of 2nd period - Snap shot by Brock Nelson.
18:38 of 2nd period - Shot Blocked by Cam Fowler.
18:51 of 2nd period - Snap shot by Nathan MacKinnon.
18:51 of 2nd period - Stopped by Stuart Skinner with a rebound.
18:53 of 2nd period - Slapshot by Cam Fowler.
18:53 of 2nd period - Shot Misses the Net.
18:55 of 2nd period - Snap shot by Pierre-Luc Dubois.
18:55 of 2nd period - Shot Misses the Net.
18:57 of 2nd period - Slapshot by Cam Fowler.
18:57 of 2nd period - Deflect By Pierre-Luc Dubois.
18:57 of 2nd period - Shot Blocked by Sean Durzi.
18:57 of 2nd period - Puck is out of play.
18:58 of 2nd period - Mathew Barzal wins face-off versus Ryan Nugent-Hopkins in Minnesota North Stars zone.
18:59 of 2nd period - Slapshot by Gabriel Landeskog.
18:59 of 2nd period - Stopped by Stuart Skinner without a rebound.
19:00 of 2nd period - Mathew Barzal wins face-off versus Ryan Nugent-Hopkins in Minnesota North Stars zone.
Goals for this period are 1 for Minnesota North Stars vs 0 for New York Rangers.
Shots for this period are 15 for Minnesota North Stars vs 9 for New York Rangers.
3rd period
0:01 of 3rd period - Ryan Nugent-Hopkins wins face-off versus Mathew Barzal in neutral zone.
1:19 of 3rd period - Wrist shot by David Kampf.
1:19 of 3rd period - Stopped by Stuart Skinner with a rebound.
1:40 of 3rd period - Off-side.
1:41 of 3rd period - Evgeni Malkin wins face-off versus Pierre-Luc Dubois in neutral zone.
1:51 of 3rd period - Off-side.
1:52 of 3rd period - Pierre-Luc Dubois wins face-off versus Viktor Arvidsson in neutral zone.
2:00 of 3rd period - Snap shot by Artemi Panarin.
2:00 of 3rd period - Shot Blocked by Rasmus Dahlin.
2:06 of 3rd period - Snap shot by Artemi Panarin.
2:06 of 3rd period - Shot Blocked by Adam Lowry.
2:42 of 3rd period - Rasmus Dahlin is hit by Eric Robinson and loses puck.
2:51 of 3rd period - Zach Parise is hit by Adam Larsson and loses puck.
3:08 of 3rd period - Wrist shot by Rasmus Dahlin.
3:08 of 3rd period - Shot Misses the Net.
3:10 of 3rd period - Wrist shot by Evan Rodrigues.
3:10 of 3rd period - Stopped by Igor Shesterkin without a rebound.
3:11 of 3rd period - Jack Hughes wins face-off versus Pierre-Luc Dubois in New York Rangers zone.
4:09 of 3rd period - Wrist shot by Jeff Skinner.
4:09 of 3rd period - Deflect By Ryan Nugent-Hopkins.
4:09 of 3rd period - Shot Misses the Net.
4:09 of 3rd period - Puck is out of play.
4:10 of 3rd period - Adam Lowry wins face-off versus Mikael Granlund in New York Rangers zone.
4:15 of 3rd period - Slapshot by Viktor Arvidsson.
4:15 of 3rd period - Shot Misses the Net.
4:17 of 3rd period - Wrist shot by Adam Lowry.
4:17 of 3rd period - Shot Misses the Net.
4:23 of 3rd period - Snap shot by Viktor Arvidsson.
4:23 of 3rd period - Shot Misses the Net.
4:37 of 3rd period - Frank Vatrano is hit by Gabriel Landeskog and loses puck.
5:02 of 3rd period - Slapshot by Brock Nelson.
5:02 of 3rd period - Stopped by Igor Shesterkin without a rebound.
5:03 of 3rd period - David Kampf wins face-off versus Evgeni Malkin in New York Rangers zone.
5:40 of 3rd period - Snap shot by Nathan MacKinnon.
5:40 of 3rd period - Shot Blocked by Brandon Montour.
6:00 of 3rd period - Backhand shot by Mathew Barzal.
6:00 of 3rd period - Stopped by Stuart Skinner without a rebound.
6:01 of 3rd period - Evgeni Malkin wins face-off versus Mikael Granlund in Minnesota North Stars zone.
6:08 of 3rd period - Slapshot by Brock Nelson.
6:08 of 3rd period - Shot Misses the Net.
6:28 of 3rd period - Neal Pionk is hit by Adam Larsson and loses puck.
6:49 of 3rd period - Snap shot by Cole Caufield.
6:49 of 3rd period - Shot Blocked by Gustav Forsling.
6:51 of 3rd period - Wrist shot by Gabriel Landeskog.
6:51 of 3rd period - Stopped by Stuart Skinner with a rebound.
6:53 of 3rd period - Slapshot by Mark Giordano.
6:53 of 3rd period - Shot Hit the Post.
6:55 of 3rd period - Slapshot by Adam Larsson.
6:55 of 3rd period - Stopped by Stuart Skinner with a rebound.
6:57 of 3rd period - Wrist shot by Mathew Barzal.
6:57 of 3rd period - Goal by Mathew Barzal - Minnesota North Stars : 1 - New York Rangers : 1.
6:58 of 3rd period - Evgeni Malkin wins face-off versus Pierre-Luc Dubois in neutral zone.
7:11 of 3rd period - Snap shot by Brock Nelson.
7:11 of 3rd period - Stopped by Igor Shesterkin with a rebound.
7:32 of 3rd period - Snap shot by Mathew Barzal.
7:32 of 3rd period - Shot Blocked by Sean Durzi.
7:52 of 3rd period - Slapshot by Mikael Granlund.
7:52 of 3rd period - Stopped by Stuart Skinner with a rebound.
8:10 of 3rd period - Snap shot by Cam Fowler.
8:10 of 3rd period - Shot Misses the Net.
8:17 of 3rd period - Slapshot by Gustav Forsling.
8:17 of 3rd period - Stopped by Igor Shesterkin without a rebound.
8:18 of 3rd period - Pierre-Luc Dubois wins face-off versus Brock Nelson in New York Rangers zone.
8:40 of 3rd period - Icing by Matthew Benning.
8:41 of 3rd period - Pierre-Luc Dubois wins face-off versus Jack Hughes in New York Rangers zone.
8:50 of 3rd period - Wrist shot by Mathew Barzal.
8:50 of 3rd period - Stopped by Stuart Skinner without a rebound.
8:51 of 3rd period - Ryan Nugent-Hopkins wins face-off versus Mathew Barzal in Minnesota North Stars zone.
9:22 of 3rd period - Snap shot by Cole Caufield.
9:22 of 3rd period - Shot Misses the Net.
9:24 of 3rd period - Wrist shot by Cole Caufield.
9:24 of 3rd period - Deflect By Gabriel Landeskog.
9:24 of 3rd period - Stopped by Stuart Skinner with a rebound.
9:26 of 3rd period - Snap shot by Gabriel Landeskog.
9:26 of 3rd period - Stopped by Stuart Skinner without a rebound.
9:27 of 3rd period - Pierre-Luc Dubois wins face-off versus Evgeni Malkin in Minnesota North Stars zone.
9:28 of 3rd period - Slapshot by Nathan MacKinnon.
9:28 of 3rd period - Stopped by Stuart Skinner without a rebound.
9:29 of 3rd period - Evgeni Malkin wins face-off versus Pierre-Luc Dubois in Minnesota North Stars zone.
10:04 of 3rd period - Snap shot by Mikael Granlund.
10:04 of 3rd period - Stopped by Stuart Skinner with a rebound.
10:06 of 3rd period - Slapshot by Mikael Granlund.
10:06 of 3rd period - Shot Blocked by Rasmus Dahlin.
10:18 of 3rd period - Slapshot by Brandon Montour.
10:18 of 3rd period - Stopped by Igor Shesterkin without a rebound.
10:19 of 3rd period - Mathew Barzal wins face-off versus Ryan Nugent-Hopkins in New York Rangers zone.
10:19 of 3rd period - Mathew Barzal is hit by Neal Pionk.
10:25 of 3rd period - Wrist shot by Ryan Nugent-Hopkins.
10:25 of 3rd period - Shot Misses the Net.
10:38 of 3rd period - Ryan Nugent-Hopkins is hit by Jake McCabe and loses puck.
10:51 of 3rd period - Snap shot by Mathew Barzal.
10:51 of 3rd period - Shot Misses the Net.
10:53 of 3rd period - Wrist shot by Gabriel Landeskog.
10:53 of 3rd period - Stopped by Stuart Skinner with a rebound.
10:55 of 3rd period - Wrist shot by Cole Caufield.
10:55 of 3rd period - Shot Misses the Net.
11:03 of 3rd period - Wrist shot by Mathew Barzal.
11:03 of 3rd period - Deflect By Gabriel Landeskog.
11:03 of 3rd period - Shot Hit the Post.
11:03 of 3rd period - Puck is out of play.
11:04 of 3rd period - Nathan MacKinnon wins face-off versus Zach Parise in Minnesota North Stars zone.
11:08 of 3rd period - Minor Penalty to Evgeni Malkin for Slashing.
11:09 of 3rd period - Ryan Nugent-Hopkins wins face-off versus Pierre-Luc Dubois in Minnesota North Stars zone.
11:21 of 3rd period - Snap shot by Artemi Panarin.
11:21 of 3rd period - Stopped by Stuart Skinner without a rebound.
11:22 of 3rd period - Jonathan Toews wins face-off versus Mikael Granlund in Minnesota North Stars zone.
11:22 of 3rd period - Jonathan Toews is hit by Adam Larsson.
11:38 of 3rd period - Snap shot by Cole Caufield.
11:38 of 3rd period - Goal by Cole Caufield - Minnesota North Stars : 1 - New York Rangers : 2.
11:39 of 3rd period - Pierre-Luc Dubois wins face-off versus Zach Parise in neutral zone.
11:52 of 3rd period - Snap shot by Nathan MacKinnon.
11:52 of 3rd period - Stopped by Stuart Skinner with a rebound.
11:54 of 3rd period - Snap shot by Artemi Panarin.
11:54 of 3rd period - Goal by Artemi Panarin - Minnesota North Stars : 1 - New York Rangers : 3.
11:55 of 3rd period - Jack Hughes wins face-off versus Nathan MacKinnon in neutral zone.
12:04 of 3rd period - Wrist shot by Viktor Arvidsson.
12:04 of 3rd period - Deflect By Jack Hughes.
12:04 of 3rd period - Shot Misses the Net.
12:04 of 3rd period - Puck is out of play.
12:05 of 3rd period - Pierre-Luc Dubois wins face-off versus Jack Hughes in New York Rangers zone.
12:07 of 3rd period - Minor Penalty to Nathan MacKinnon for Cross-checking.
12:08 of 3rd period - Pierre-Luc Dubois wins face-off versus Jeff Skinner in New York Rangers zone.
12:22 of 3rd period - Slapshot by Dmitry Kulikov.
12:22 of 3rd period - Deflect By Tyler Motte.
12:22 of 3rd period - Stopped by Stuart Skinner without a rebound.
12:23 of 3rd period - Pierre-Luc Dubois wins face-off versus Evgeni Malkin in Minnesota North Stars zone.
12:24 of 3rd period - Snap shot by Eric Robinson.
12:24 of 3rd period - Shot Hit the Post.
12:38 of 3rd period - Slapshot by Evgeni Malkin.
12:38 of 3rd period - Stopped by Igor Shesterkin with a rebound.
13:25 of 3rd period - Minor Penalty to Brandon Montour for Holding.
13:26 of 3rd period - Pierre-Luc Dubois wins face-off versus Jack Hughes in Minnesota North Stars zone.
13:50 of 3rd period - Icing by Cam Fowler.
13:51 of 3rd period - Ryan Nugent-Hopkins wins face-off versus Pierre-Luc Dubois in New York Rangers zone.
14:00 of 3rd period - Wrist shot by Evgeni Malkin.
14:00 of 3rd period - Stopped by Igor Shesterkin with a rebound.
14:07 of 3rd period - Penalty to Nathan MacKinnon is over, Nathan MacKinnon is back on ice.
14:08 of 3rd period - Snap shot by Ryan Nugent-Hopkins.
14:08 of 3rd period - Stopped by Igor Shesterkin without a rebound.
14:09 of 3rd period - Adam Lowry wins face-off versus Mikael Granlund in New York Rangers zone.
14:12 of 3rd period - Wrist shot by Adam Lowry.
14:12 of 3rd period - Goal by Adam Lowry - Minnesota North Stars : 2 - New York Rangers : 3.
14:13 of 3rd period - Ryan Nugent-Hopkins wins face-off versus Pierre-Luc Dubois in neutral zone.
14:28 of 3rd period - Snap shot by Adam Lowry.
14:28 of 3rd period - Shot Blocked by Gabriel Landeskog.
15:25 of 3rd period - Penalty to Brandon Montour is over, Brandon Montour is back on ice.
15:46 of 3rd period - Cole Caufield is hit by Gustav Forsling and loses puck.
16:05 of 3rd period - Snap shot by Viktor Arvidsson.
16:05 of 3rd period - Shot Misses the Net.
16:07 of 3rd period - Slapshot by Neal Pionk.
16:07 of 3rd period - Stopped by Igor Shesterkin without a rebound.
16:08 of 3rd period - David Kampf wins face-off versus Jonathan Toews in New York Rangers zone.
16:08 of 3rd period - David Kampf is hit by Evan Rodrigues.
16:33 of 3rd period - Neal Pionk is hit by Conor Garland and loses puck.
17:02 of 3rd period - Slapshot by Rasmus Dahlin.
17:02 of 3rd period - Stopped by Igor Shesterkin without a rebound.
17:03 of 3rd period - Jonathan Toews wins face-off versus Mathew Barzal in New York Rangers zone.
17:06 of 3rd period - Snap shot by Eeli Tolvanen.
17:06 of 3rd period - Stopped by Igor Shesterkin without a rebound.
17:07 of 3rd period - Jonathan Toews wins face-off versus Mikael Granlund in New York Rangers zone.
17:22 of 3rd period - Snap shot by Rasmus Dahlin.
17:22 of 3rd period - Stopped by Igor Shesterkin without a rebound.
17:23 of 3rd period - Pierre-Luc Dubois wins face-off versus Jack Hughes in New York Rangers zone.
17:28 of 3rd period - Wrist shot by Nathan MacKinnon.
17:28 of 3rd period - Shot Blocked by Viktor Arvidsson.
18:10 of 3rd period - Minor Penalty to Jonathan Toews for High sticking.
18:11 of 3rd period - Ryan Nugent-Hopkins wins face-off versus Mikael Granlund in Minnesota North Stars zone.
18:30 of 3rd period - Neal Pionk is hit by Adam Larsson and loses puck.
18:45 of 3rd period - Snap shot by Nathan MacKinnon.
18:45 of 3rd period - Stopped by Stuart Skinner with a rebound.
18:47 of 3rd period - Snap shot by Gabriel Landeskog.
18:47 of 3rd period - Deflect By Ryan Nugent-Hopkins.
18:47 of 3rd period - Stopped by Stuart Skinner without a rebound.
18:48 of 3rd period - John Tortorella call a timeout for Minnesota North Stars.
18:48 of 3rd period - Evgeni Malkin wins face-off versus Pierre-Luc Dubois in Minnesota North Stars zone.
18:53 of 3rd period - Snap shot by Evgeni Malkin.
18:53 of 3rd period - Shot Blocked by Nathan MacKinnon.
19:25 of 3rd period - Wrist shot by Artemi Panarin.
19:25 of 3rd period - Goal by Artemi Panarin - Minnesota North Stars : 2 - New York Rangers : 4.
19:26 of 3rd period - Jack Hughes wins face-off versus Mikael Granlund in neutral zone.
19:49 of 3rd period - Icing by Filip Chytil.
19:50 of 3rd period - Mikael Granlund wins face-off versus Jonathan Toews in New York Rangers zone.
Goals for this period are 1 for Minnesota North Stars vs 4 for New York Rangers.
Shots for this period are 13 for Minnesota North Stars vs 20 for New York Rangers.
Back to the Top